DSL
DSL LOS ANGELES (N) DODGERS @ DSL SAN FRANCISCO GIANTS
07/06/2041
 
TOP OF THE 1ST
DSL Los Angeles (N) Dodgers batting - Pitching for DSL San Francisco Giants : RHP José Valéncia
Pitching: RHP José Valéncia
Batting: RHB Timo van de Voorst 0-0: Called Strike
0-1: Called Strike
0-2: Foul Ball, location: 5FF
0-2: Ball
1-2: Strikes out looking
Batting: RHB Ernesto González 0-0: Ball
1-0: Ball
2-0: SINGLE (Line Drive, 6MD, EV 98.1 MPH)
Batting: RHB José López 0-0: Foul Ball, location: 2F
0-1: 2-RUN HOME RUN (Flyball, 7D, EV 108.1 MPH), Distance : 413 ft
Batting: RHB Lançarote Bullock 0-0: Called Strike
0-1: Ball
1-1: SINGLE (Line Drive, 9S, EV 109.4 MPH)
Batting: LHB Sanho Morgado 0-0: Ball
1-0: Ball
2-0: Ball
3-0: Called Strike
3-1: Called Strike
3-2: Base on Balls
Lançarote Bullock to second
Batting: RHB Oliver Montoya 0-0: Swinging Strike
0-1: Ball
1-1: Ball
2-1: Called Strike
2-2: Ball
3-2: Strikes out swinging
Batting: LHB José Meléndez 0-0: Ball
1-0: Called Strike
1-1: Ball
2-1: Ball
3-1: Called Strike
3-2: Base on Balls
Lançarote Bullock to third
Sanho Morgado to second
Batting: RHB David Hernández 0-0: Fly out, F8 (Flyball, 8LM, EV 87.5 MPH)
Top of the 1st over - 2 runs, 3 hits, 0 errors, 3 left on base; DSL Los Angeles (N) 2 - DSL San Francisco 0
BOTTOM OF THE 1ST
DSL San Francisco Giants batting - Pitching for DSL Los Angeles (N) Dodgers : RHP Juan Franco
Pitching: RHP Juan Franco
Batting: SHB Teófilo Camizo 0-0: Ball
1-0: Ball
2-0: Ball
3-0: Called Strike
3-1: Called Strike
3-2: Foul Ball, location: 9LSF
3-2: Base on Balls
Batting: RHB Dani López 0-0: Ball
1-0: Called Strike
1-1: Fielders Choice at 2nd, 6-4 (Groundball, 6, EV 85.6 MPH)
Batting: RHB Norm Barnes 0-0: Ball
1-0: Ball
2-0: Fielders Choice at 2nd, 4-6 (Groundball, 4, EV 84.4 MPH)
Batting: SHB António Icaza Pickoff Play to 1st, Runner tries for 2nd, OUT after rundown.
Bottom of the 1st over - 0 runs, 0 hits, 0 errors, 0 left on base; DSL Los Angeles (N) 2 - DSL San Francisco 0
TOP OF THE 2ND
DSL Los Angeles (N) Dodgers batting - Pitching for DSL San Francisco Giants : RHP José Valéncia
Batting: RHB Manny Rivera 0-0: Ball
1-0: Called Strike
1-1: Foul Ball, location: 2F
1-2: Ball
2-2: Foul Ball, location: 5F
2-2: Strikes out swinging
Batting: RHB Timo van de Voorst 0-0: Called Strike
0-1: Ball
1-1: Ball
2-1: Swinging Strike
2-2: Fly out, F8 (Flyball, 8RD, EV 98.1 MPH)
Batting: RHB Ernesto González 0-0: Called Strike
0-1: Swinging Strike
0-2: Ball
1-2: Foul Ball, location: 2F
1-2: Ball
2-2: Ball
3-2: Fly out, F4 (Popup, 4, EV 53.1 MPH)
Top of the 2nd over - 0 runs, 0 hits, 0 errors, 0 left on base; DSL Los Angeles (N) 2 - DSL San Francisco 0
BOTTOM OF THE 2ND
DSL San Francisco Giants batting - Pitching for DSL Los Angeles (N) Dodgers : RHP Juan Franco
Batting: SHB António Icaza 0-0: Foul Ball, location: 7LSF
0-1: Swinging Strike
0-2: Ball
1-2: Ball
2-2: Strikes out swinging
Batting: RHB Benigno Rentería 0-0: Foul Ball, location: 2F
0-1: Ball
1-1: Ball
2-1: Ball
3-1: Base on Balls
Batting: RHB Ernesto Duarte 0-0: Called Strike
0-1: Called Strike
0-2: Foul Ball, location: 25F
0-2: Ball
1-2: Ball
2-2: Ball
3-2: Fly out, F3 (Line Drive, 34, EV 69.4 MPH)
Lined into DP, U3 (Line Drive, 34, EV 69.4 MPH)
Bottom of the 2nd over - 0 runs, 0 hits, 0 errors, 0 left on base; DSL Los Angeles (N) 2 - DSL San Francisco 0
TOP OF THE 3RD
DSL Los Angeles (N) Dodgers batting - Pitching for DSL San Francisco Giants : RHP José Valéncia
Batting: RHB José López 0-0: Fly out, F7 (Flyball, 7D, EV 94.4 MPH)
Batting: RHB Lançarote Bullock 0-0: Ball
1-0: Foul Ball, location: 2F
1-1: Ball
2-1: Ball
3-1: Fly out, F8 (Flyball, 8RD, EV 101.3 MPH)
Batting: LHB Sanho Morgado 0-0: Called Strike
0-1: Ball
1-1: Fly out, F9 (Flyball, 9D, EV 109.4 MPH)
Top of the 3rd over - 0 runs, 0 hits, 0 errors, 0 left on base; DSL Los Angeles (N) 2 - DSL San Francisco 0
BOTTOM OF THE 3RD
DSL San Francisco Giants batting - Pitching for DSL Los Angeles (N) Dodgers : RHP Juan Franco
Batting: LHB José Avilés 0-0: Ball
1-0: Ball
2-0: Ball
3-0: Called Strike
3-1: Base on Balls
Batting: RHB José Sánchez 0-0: Swinging Strike
0-1: Called Strike
0-2: Ball
1-2: Ball
2-2: Strikes out looking
Batting: RHB Albert Jiménez 0-0: Ball
1-0: DOUBLE (Line Drive, 9LD, EV 106.3 MPH)
José Avilés to third
Runner from 3rd tries for Home, SAFE, no throw by RF
Batting: SHB Teófilo Camizo 0-0: Called Strike
0-1: Ball
1-1: Foul Ball, location: 2F
1-2: DOUBLE (Flyball, 8RD, EV 105.6 MPH)
Albert Jiménez scores
Batting: RHB Dani López 0-0: Swinging Strike
0-1: Foul Ball, location: 3F
0-2: Ball
1-2: Ball
2-2: Ball
3-2: Base on Balls
Batting: RHB Norm Barnes 0-0: Called Strike
0-1: Ball
1-1: Swinging Strike
1-2: Ball
2-2: Ball
3-2: Fielders Choice at 2nd, 1-4 (Groundball, 15, EV 67.5 MPH)
Teófilo Camizo to third
Batting: SHB António Icaza 0-0: Called Strike
0-1: Fielders Choice at 2nd, U6 (Groundball, 6M, EV 103.1 MPH)
Bottom of the 3rd over - 2 runs, 2 hits, 0 errors, 2 left on base; DSL Los Angeles (N) 2 - DSL San Francisco 2
TOP OF THE 4TH
DSL Los Angeles (N) Dodgers batting - Pitching for DSL San Francisco Giants : RHP José Valéncia
Batting: RHB Oliver Montoya 0-0: Ball
1-0: SINGLE (Groundball, 6MD, EV 106.3 MPH)
Batting: LHB José Meléndez 0-0: Sac Bunt to 15 - play at first, batter OUT! 1-3
Oliver Montoya to second
Batting: RHB David Hernández 0-0: Ball
1-0: Called Strike
1-1: Ball
2-1: Swinging Strike
2-2: Strikes out swinging
Batting: RHB Manny Rivera 0-0: Called Strike
0-1: TRIPLE (Flyball, 9LD, EV 104.4 MPH)
Oliver Montoya scores
Batting: RHB Timo van de Voorst 0-0: Ball
1-0: Ball
2-0: Swinging Strike
2-1: Swinging Strike
2-2: Strikes out looking
Top of the 4th over - 1 run, 2 hits, 0 errors, 1 left on base; DSL Los Angeles (N) 3 - DSL San Francisco 2
BOTTOM OF THE 4TH
DSL San Francisco Giants batting - Pitching for DSL Los Angeles (N) Dodgers : RHP Juan Franco
Batting: RHB Benigno Rentería 0-0: Called Strike
0-1: Called Strike
0-2: Foul Ball, location: 3F
0-2: Strikes out looking
Batting: RHB Ernesto Duarte 0-0: Ball
1-0: Ball
2-0: Called Strike
2-1: Swinging Strike
2-2: SINGLE (Groundball, 4MD, EV 109.4 MPH)
Batting: LHB José Avilés 0-0: Swinging Strike
0-1: Foul Ball, location: 7LSF
0-2: Grounds into double play, 6-4-3 (Groundball, 56, EV 89.4 MPH)
Bottom of the 4th over - 0 runs, 1 hit, 0 errors, 0 left on base; DSL Los Angeles (N) 3 - DSL San Francisco 2
TOP OF THE 5TH
DSL Los Angeles (N) Dodgers batting - Pitching for DSL San Francisco Giants : RHP José Valéncia
Batting: RHB Ernesto González 0-0: Ball
1-0: Ball
2-0: Ball
3-0: Base on Balls
Pitching: RHP Orlando Castillo
Batting: RHB José López 0-0: Called Strike
0-1: Foul Ball, location: 9LMF
0-2: Ball
1-2: Foul Ball, location: 2F
1-2: Fly out, F8 (Flyball, 78M, EV 91.3 MPH)
Batting: RHB Lançarote Bullock 0-0: Foul Ball, location: 23FF
0-1: Foul Ball, location: 23F
0-2: Ball
1-2: Ball
2-2: Strikes out swinging
Batting: LHB Sanho Morgado 0-0: Ball
Ernesto González steals 2nd base
1-0: Swinging Strike
1-1: Called Strike
1-2: Ball
2-2: Foul Ball, location: 2F
2-2: Fly out, F5 (Popup, 5SF, EV 88.8 MPH)
Top of the 5th over - 0 runs, 0 hits, 0 errors, 1 left on base; DSL Los Angeles (N) 3 - DSL San Francisco 2
BOTTOM OF THE 5TH
DSL San Francisco Giants batting - Pitching for DSL Los Angeles (N) Dodgers : RHP Juan Franco
Batting: RHB José Sánchez 0-0: Ball
1-0: Ball
2-0: Fly out, F9 (Line Drive, 9LM, EV 108.1 MPH)
Batting: RHB Albert Jiménez 0-0: Ball
1-0: Foul Ball, location: 2F
1-1: Ball
2-1: Swinging Strike
2-2: Foul Ball, location: 2F
2-2: Foul Ball, location: 5SF
2-2: Foul Ball, location: 2F
2-2: Ball
3-2: Strikes out looking
Batting: SHB Teófilo Camizo 0-0: Called Strike
0-1: Ball
1-1: Swinging Strike
1-2: Strikes out swinging
Bottom of the 5th over - 0 runs, 0 hits, 0 errors, 0 left on base; DSL Los Angeles (N) 3 - DSL San Francisco 2
TOP OF THE 6TH
DSL Los Angeles (N) Dodgers batting - Pitching for DSL San Francisco Giants : RHP Orlando Castillo
Batting: RHB Oliver Montoya 0-0: Foul Ball, location: 2F
0-1: Called Strike
0-2: Foul Ball, location: 9LSF
0-2: Ball
1-2: Ball
2-2: Ball
3-2: Foul Ball, location: 9LDF
3-2: Fly out, F4 (Popup, 23, EV 80.0 MPH)
Batting: LHB José Meléndez 0-0: Ball
1-0: Ball
2-0: Ground out 6-3 (Groundball, 6, EV 101.9 MPH)
Batting: RHB David Hernández 0-0: Foul Ball, location: 3FF
0-1: Foul Ball, location: 7LMF
0-2: Ball
1-2: Strikes out swinging
Top of the 6th over - 0 runs, 0 hits, 0 errors, 0 left on base; DSL Los Angeles (N) 3 - DSL San Francisco 2
BOTTOM OF THE 6TH
DSL San Francisco Giants batting - Pitching for DSL Los Angeles (N) Dodgers : RHP Juan Franco
Pitching: RHP Juan Cuevas
Pinch Hitting: LHB Mathias Nodeland 0-0: Called Strike
0-1: Called Strike
0-2: Foul Ball, location: 3FF
0-2: Ball
1-2: SOLO HOME RUN (Flyball, 89XD, EV 106.9 MPH), Distance : 431 ft
Batting: RHB Norm Barnes 0-0: Foul Ball, location: 7LMFF
0-1: Ball
1-1: Ball
2-1: Called Strike
2-2: Ground out 5-3 (Groundball, 56S, EV 93.8 MPH)
Batting: SHB António Icaza 0-0: Ball
1-0: Swinging Strike
1-1: Called Strike
1-2: Strikes out looking
Batting: RHB Benigno Rentería 0-0: Called Strike
0-1: Ball
1-1: Ball
2-1: Foul Ball, location: 2F
2-2: Foul Ball, location: 2F
2-2: Ball
3-2: Foul Ball, location: 2F
3-2: Foul Ball, location: 23F
3-2: Foul Ball, location: 2F
3-2: Base on Balls
Batting: RHB Ernesto Duarte 0-0: Ball
1-0: Foul Ball, location: 23F
1-1: Swinging Strike
1-2: Ball
2-2: Strikes out swinging
Bottom of the 6th over - 1 run, 1 hit, 0 errors, 1 left on base; DSL Los Angeles (N) 3 - DSL San Francisco 3
TOP OF THE 7TH
DSL Los Angeles (N) Dodgers batting - Pitching for DSL San Francisco Giants : RHP Orlando Castillo
Now in LF: Mathias Nodeland
Now in CF: José Sánchez
Batting: RHB Manny Rivera 0-0: Ball
1-0: Called Strike
1-1: Ball
2-1: Fly out, F9 (Flyball, 89M, EV 85.6 MPH)
Batting: RHB Timo van de Voorst 0-0: Called Strike
0-1: Fly out, F7 (Flyball, 78M, EV 81.3 MPH)
Batting: RHB Ernesto González 0-0: Ball
1-0: Ball
2-0: Ball
3-0: Base on Balls
Pitching: LHP Juan Díaz
Batting: RHB José López 0-0: Swinging Strike
0-1: Ball
1-1: Ball
2-1: TRIPLE (Flyball, 89XD, EV 93.1 MPH)
Ernesto González scores
Batting: RHB Lançarote Bullock 0-0: Called Strike
0-1: Called Strike
0-2: Ball
1-2: Strikes out looking
Top of the 7th over - 1 run, 1 hit, 0 errors, 1 left on base; DSL Los Angeles (N) 4 - DSL San Francisco 3
BOTTOM OF THE 7TH
DSL San Francisco Giants batting - Pitching for DSL Los Angeles (N) Dodgers : RHP Juan Cuevas
Batting: LHB José Avilés 0-0: Foul Ball, location: 5FF
0-1: Foul Ball, location: 2RF
0-2: Hit by Pitch
Batting: RHB José Sánchez 0-0: Called Strike
0-1: 2-RUN HOME RUN (Flyball, 89XD, EV 108.1 MPH), Distance : 435 ft
Pitching: LHP Ed van As
Batting: RHB Albert Jiménez 0-0: Ball
1-0: Called Strike
1-1: Swinging Strike
1-2: Foul Ball, location: 7LSF
1-2: Ball
2-2: Strikes out swinging
Batting: SHB Teófilo Camizo 0-0: DOUBLE (Flyball, 8LD, EV 93.1 MPH)
Batting: LHB Mathias Nodeland 0-0: Called Strike
0-1: Foul Ball, location: 2F
0-2: Ball
1-2: Foul Ball, location: 2F
1-2: Foul Ball, location: 7LMF
1-2: Strikes out swinging
Batting: RHB Norm Barnes 0-0: Called Strike
0-1: Ball
1-1: Called Strike
1-2: Ball
2-2: Ball
3-2: Base on Balls
Batting: SHB António Icaza 0-0: Ball
1-0: Ball
2-0: Ball
3-0: Ground out 3-1 (Groundball, 34, EV 90.0 MPH)
Bottom of the 7th over - 2 runs, 2 hits, 0 errors, 2 left on base; DSL Los Angeles (N) 4 - DSL San Francisco 5
TOP OF THE 8TH
DSL Los Angeles (N) Dodgers batting - Pitching for DSL San Francisco Giants : LHP Juan Díaz
Batting: LHB Sanho Morgado 0-0: Called Strike
0-1: Ball
1-1: Ball
2-1: Swinging Strike
2-2: Strikes out swinging
Batting: RHB Oliver Montoya 0-0: Called Strike
0-1: Foul Ball, location: 2F
0-2: Foul Ball, location: 23F
0-2: Strikes out swinging
Batting: LHB José Meléndez 0-0: Foul Ball, location: 2F
0-1: Foul Ball, location: 2LF
0-2: Strikes out swinging
Top of the 8th over - 0 runs, 0 hits, 0 errors, 0 left on base; DSL Los Angeles (N) 4 - DSL San Francisco 5
BOTTOM OF THE 8TH
DSL San Francisco Giants batting - Pitching for DSL Los Angeles (N) Dodgers : LHP Ed van As
Batting: RHB Benigno Rentería 0-0: Ball
1-0: Called Strike
1-1: Ball
2-1: Foul Ball, location: 2F
2-2: Strikes out looking
Batting: RHB Ernesto Duarte 0-0: Ball
1-0: Ball
2-0: Ball
3-0: Called Strike
3-1: Swinging Strike
3-2: Strikes out swinging
Pinch Hitting: RHB Tony Hondo 0-0: Foul Ball, location: 3SF
0-1: DOUBLE (Line Drive, 7LM, EV 107.5 MPH)
Pitching: RHP Rubén García
Batting: RHB José Sánchez 0-0: Ball
1-0: Fly out, F8 (Flyball, 8RM, EV 90.0 MPH)
Bottom of the 8th over - 0 runs, 1 hit, 0 errors, 1 left on base; DSL Los Angeles (N) 4 - DSL San Francisco 5
TOP OF THE 9TH
DSL Los Angeles (N) Dodgers batting - Pitching for DSL San Francisco Giants : LHP Juan Díaz
Pitching: RHP José Bolta
Now at 1B: Shea Revell
Batting: RHB Dani Vázquez 0-0: Ball
1-0: Ball
2-0: Swinging Strike
2-1: DOUBLE (Flyball, 9LD, EV 93.8 MPH)
Batting: RHB Manny Rivera 0-0: Ball
1-0: 2-RUN HOME RUN (Flyball, 7D, EV 107.5 MPH), Distance : 413 ft
Batting: RHB Timo van de Voorst 0-0: Ball
1-0: Ball
2-0: Ball
3-0: Base on Balls
Batting: RHB Ernesto González 0-0: Bunt missed!
0-1: Bunted foul
0-2: Strikes out swinging
Batting: RHB José López 0-0: Foul Ball, location: 2F
0-1: Called Strike
Timo van de Voorst steals 2nd base
0-2: Strikes out swinging
Batting: RHB Lançarote Bullock 0-0: Called Strike
0-1: Ball
1-1: SINGLE (Groundball, 4MD, EV 94.4 MPH)
Timo van de Voorst to third
Runner from 3rd tries for Home, SAFE, throw by CF to home
Batting: LHB Sanho Morgado 0-0: Ball
1-0: Called Strike
1-1: Called Strike
1-2: Strikes out looking
Top of the 9th over - 3 runs, 3 hits, 0 errors, 1 left on base; DSL Los Angeles (N) 7 - DSL San Francisco 5
BOTTOM OF THE 9TH
DSL San Francisco Giants batting - Pitching for DSL Los Angeles (N) Dodgers : RHP Rubén García
Pitching: RHP Juan Miranda
Pinch Hitting: LHB José Ruíz 0-0: Called Strike
0-1: Ball
1-1: Foul Ball, location: 25F
1-2: Foul Ball, location: 2F
1-2: Fly out, F7 (Flyball, 7LM, EV 94.4 MPH)
Pinch Hitting: RHB Fu-quan Gonzáles 0-0: Ball
1-0: Called Strike
1-1: Swinging Strike
1-2: Strikes out swinging
Batting: LHB Mathias Nodeland 0-0: Ball
1-0: Ball
2-0: Ball
3-0: Called Strike
3-1: Swinging Strike
3-2: Base on Balls
Batting: RHB Norm Barnes 0-0: Called Strike
0-1: Foul Ball, location: 2F
0-2: Ball
1-2: Ball
2-2: Strikes out looking
Bottom of the 9th over - 0 runs, 0 hits, 0 errors, 1 left on base; DSL Los Angeles (N) 7 - DSL San Francisco 5
Wednesday, April 3rd , 2024 - OOTP Baseball 24.10 Build 82